 Dungeon Crawl Stone Soup version 0.20-a0-1040-gfd09691 (webtiles) character file.

86736 nubinia the Blocker (level 15, 0/79 HPs)
             Began as a Gargoyle Fire Elementalist on Apr 22, 2017.
             Was the Champion of Ashenzari.
             Hit by a large rock thrown by Polyphemus (22 damage)
             ... on level 2 of the Shoals on Apr 23, 2017.
             The game lasted 03:16:10 (23759 turns).

nubinia the Blocker (Gargoyle Fire Elementalist)   Turns: 23759, Time: 03:16:11

Health: 0/79       AC: 21    Str: 16    XL:     15   Next: 88%
Magic:  24/35      EV: 13    Int: 18    God:    Ashenzari [******]
Gold:   1283       SH: 11    Dex: 10    Spells: 1/29 levels left

rFire    + + .     SeeInvis +   a - +9 short sword of Hihiule {pierce, rElec MR+ MP+9 Str+2} (curse)
rCold    + . .     Gourm    .   S - +0 buckler (curse)
rNeg     + . .     Faith    .   G - +0 leather armour (curse)
rPois    ∞         Spirit   .   e - +2 hat {MR+} (curse)
rElec    +         Reflect  +   p - +0 cloak (curse)
rCorr    .         Harm     .   (no gloves)
MR       +++..     Clarity  +   (no boots)
Stlth    +++++.....             n - +4 amulet of reflection (curse)
Regen    0.3/turn               u - ring of protection from cold (curse)
MPRegen  0.3/turn               t - +3 ring of protection (curse)

@: flying
A: big wings, talons 1, clumsy 1, fire resistance 2, negative energy resistance
1, electricity resistance, unbreathing, petrification resistance, rot immunity,
AC +11
a: Stop Flying, Curse Item, Scrying, Transfer Knowledge, Renounce Religion


You were on level 2 of the Shoals.
You worshipped Ashenzari.
Ashenzari was exalted by your worship.
You were not hungry.

You visited 5 branches of the dungeon, and saw 22 of its levels.
You also visited: Labyrinth, Ossuary and Ice Cave.

You collected 1942 gold pieces.
You spent 659 gold pieces at shops.

Inventory:

Hand Weapons
 a - the cursed +9 short sword of Hihiule (weapon) {pierce, rElec MR+ MP+9 Str+2}
   (You found it on level 4 of the Dungeon)

   It inflicts extra damage upon your enemies.
   It affects your strength (+2).
   It insulates you from electricity.
   It affects your resistance to hostile enchantments.
   It affects your magic capacity (+9).
   It has a curse placed upon it.
Missiles
 f - 180 stones (quivered)
Armour
 e - a cursed +2 hat of magic resistance (worn)
 p - a cursed +0 cloak (worn)
 G - a cursed +0 leather armour (worn)
 S - a cursed +0 buckler (worn)
Jewellery
 k - a +1 ring of evasion
 n - a cursed +4 amulet of reflection (around neck)
 t - a cursed +3 ring of protection (right hand)
 u - a cursed ring of protection from cold (left hand)
Wands
 z - a wand of iceblast (10/15)
 J - a wand of flame (27/48)
 Q - a wand of iceblast (2/15)
 U - a wand of acid (8/15)
 X - a wand of clouds (6/9)
Scrolls
 d - 8 scrolls of enchant armour
 g - 12 scrolls of teleportation
 l - 2 scrolls of recharging
 r - 7 scrolls of magic mapping
 w - 5 scrolls of fear
 L - 2 scrolls of fog
 N - 3 scrolls of identify
 Y - 2 scrolls of remove curse
Potions
 h - 17 potions of curing
 v - 3 potions of haste
 x - 3 potions of agility
 C - 2 potions of brilliance
 H - a potion of invisibility
 I - 2 potions of ambrosia
 P - a potion of berserk rage
 Z - a potion of resistance
Miscellaneous
 j - a lightning rod (2/4)
 s - a crystal ball of energy
 T - a box of beasts
 W - a fan of gales
Comestibles
 c - 12 bread rations
 i - 4 fruits


   Skills:
 - Level 3.7 Fighting
 - Level 8.0(12.4) Short Blades
   Level 1.4 Maces & Flails
 * Level 9.4 Armour
 - Level 2.3(4.7) Dodging
 + Level 10.6(13.4) Stealth
 + Level 12.9(15.5) Shields
 - Level 7.5 Spellcasting
 + Level 12.2(16.4) Conjurations
   Level 3.0(6.8) Hexes
 - Level 2.6(6.3) Charms
 - Level 2.1(5.5) Necromancy
 - Level 1.3(4.1) Translocations
 + Level 12.3(16.4) Fire Magic
 - Level 5.6(10.1) Evocations


You had one spell level left.
You knew the following spells:

 Your Spells              Type           Power        Failure   Level  Hunger
a - Force Lance           Conj/Tloc      #####...     1%          4    ###....
b - Throw Flame           Conj/Fire      ######       1%          2    None
c - Conjure Flame         Conj/Fire      ######..     1%          3    #......
d - Sticky Flame          Conj/Fire      ######..     1%          4    ###....
e - Fireball              Conj/Fire      ######....   1%          5    #####..
g - Shroud of Golubria    Chrm/Tloc      ####......   1%          2    None
r - Regeneration          Chrm/Necr      ####......   3%          3    #......
v - Vampiric Draining     Necr           ####......   3%          3    #......
A - Apportation           Tloc           ###...       2%          1    None
S - Animate Skeleton      Necr           N/A          1%          1    None


Dungeon Overview and Level Annotations

Branches:
Dungeon (11/15)            Temple (1/1) D:4            Lair (6/6) D:11
 Shoals (2/4) Lair:4       Spider (0/4) Lair:3        Slime (0/5) Lair:6
    Orc (2/2) D:9             Elf (0/3) Orc:2

Altars:
Ashenzari
Cheibriados
Dithmenos
Elyvilon
Fedhas
Gozag
Hepliaklqana
Kikubaaqudgha
Makhleb
Nemelex Xobeh
Okawaru
Qazlal
Ru
Sif Muna
Trog
Uskayaw
Vehumet
Wu Jian
Xom
Yredelemnul
Zin
The Shining One

Shops:
D:4 [   D:7 %   D:11 [   Orc:2 [(}}

Annotations:
Shoals:2 Polyphemus


Innate Abilities, Weirdness & Mutations

You are resistant to torment.
Your stone body is resilient. (AC +11)
You are immune to poison.
Your large and strong wings let you fly indefinitely.
You resist negative energy. (rN+)
You are resistant to electric shocks. (rElec)
You can survive without breathing.
You are immune to petrification.
You are immune to rotting.
You have sharp toenails.
You are clumsy. (Dex -2)
Your flesh is very heat resistant. (rF++)


Message History

Aiming: Vampiric Draining
Press: ? - help, Shift-Dir - straight line, f/p - catoblepas
Aim: a catoblepas (moderately wounded)
The catoblepas is moderately wounded.
You feel life coursing into your body. The catoblepas gores you!
Casting: Vampiric Draining
Confirm with . or Enter, or press ? or * to list all spells.
Aiming: Vampiric Draining
Press: ? - help, Shift-Dir - straight line, f/p - catoblepas
Aim: a catoblepas (moderately wounded)
The catoblepas is heavily wounded.
You feel life coursing into your body. You block the catoblepas's attack.
Polyphemus throws a large rock.
The large rock hits you!!!
Ouch! That really hurt!
* * * LOW HITPOINT WARNING * * *
You hear a splash.
Unknown command.
The catoblepas gores you but does no damage.
Polyphemus throws a large rock.
The large rock hits you!!
You die...

...≈≈≈≈≈≈≈≈≈≈≈≈≈≈≈≈≈≈≈≈≈#
..P..P≈≈≈≈≈≈≈≈≈≈≈≈≈≈≈≈≈≈#
#.....)≈≈≈≈≈≈≈≈≈≈≈≈≈≈≈≈≈#
....P≈P≈≈≈≈C≈≈≈≈≈≈≈≈≈≈≈≈#
....≈(≈P≈≈≈P≈≈≈≈≈≈≈≈≈≈≈≈#
...≈P.P≈P≈.PP≈≈≈≈≈≈≈≈≈≈≈#
≈≈.PPPPPP....≈≈≈≈≈≈≈≈≈≈≈#
≈≈≈≈≈PPP≈PP....(≈≈≈≈≈≈≈≈#
≈≈≈≈≈..P≈≈.P#..Y@≈≈≈≈≈≈≈#
≈≈≈......P.##...≈≈≈≈≈≈≈≈#
≈..≈.,, ,....P.≈≈≈≈≈≈≈≈≈#
≈≈≈≈≈ ......≈≈≈≈≈≈≈≈≈#
≈≈≈≈. **......P≈≈≈≈≈≈≈≈≈#
≈≈≈..,, ...P.≈≈≈≈≈≈≈≈≈≈≈*
≈≈.. ≈ ,...≈≈≈≈≈≈≈≈≈≈≈≈≈
.≈≈, ,≈≈...≈.≈≈≈≈≈≈≈≈*
.., ≈ , ≈ ,, ≈≈ ≈ ≈ *


You could see Polyphemus and a catoblepas.

Vanquished Creatures
  Kirke (Shoals:1)
  Gastronok (Lair:3)
  Louise (Shoals:1)
  The ghost of dxctxrx the Nimble, a journeyman MfSu of Sif Muna (D:10)
  Snorg (Lair:4)
  3 merfolk impalers
  A minotaur (Lab)
  4 hydras
  A merfolk aquamancer (Shoals:1)
  A two-headed ogre (D:10)
  2 satyrs
  A death yak (Shoals:2)
  5 orc high priests (Orc:2)
  Sonja (Lair:3)
  Nergalle (Lair:2)
  3 sea snakes
  Pikel (D:7)
  5 orc knights (Orc:2)
  2 oklob plants (Lair:6)
  2 harpies (Lair:6)
  2 ugly things (D:11)
  A cyclops (Shoals:2)
  A manticore (D:11)
  10 fauns
  12 elephants
  2 black mambas
  3 water nymphs
  Psyche (D:10)
  7 merfolk sirens
  9 spiny frogs
  The ghost of alfred1011 the Covert, a novice SpAs of Okawaru (D:6)
  3 rime drakes
  10 freezing wraiths (IceCv)
  4 komodo dragons
  3 hornets
  2 trolls
  A jumping spider (Lair:3)
  3 polar bears
  12 blink frogs
  15 merfolk
  3 dream sheep (Shoals:2)
  8 hippogriffs
  A snapping turtle (Shoals:2)
  4 wyverns
  3 redbacks (Lair:3)
  2 wraiths
  3 fire bats (Lair:1)
  8 water elementals
  Eustachio (D:6)
  5 basilisks
  45 yaks
  4 hogs
  2 death yak simulacra (IceCv)
  Menkaure (D:7)
  2 wargs (Orc:2)
  9 water moccasins
  25 orc warriors
  7 porcupines
  7 ice beasts
  4 sky beasts
  A swamp drake (D:9)
  A black bear (D:11)
  A necrophage (D:11)
  An alligator simulacrum (IceCv)
  A phantom (D:5)
  2 centaurs
  7 ogres
  16 wolves
  11 crocodiles
  9 bullfrogs
  A wyvern skeleton (D:6)
  3 scorpions
  9 killer bees
  7 howler monkeys
  5 wights (D:7)
  A crimson imp (D:5)
  A bullfrog zombie (D:6)
  2 centaur zombies (D:7)
  3 draconian simulacra (IceCv)
  8 hounds
  8 jellies
  A quasit (D:8)
  2 centaur skeletons
  25 orc wizards
  26 orc priests
  2 bullfrog skeletons
  Natasha (twice) (D:2)
  3 hell rats
  5 iguanas
  A polar bear simulacrum (IceCv)
  2 troll simulacra (IceCv)
  7 worker ants
  A killer bee zombie (D:9)
  2 centaur simulacra (IceCv)
  2 mummies
  2 howler monkey skeletons
  11 adders
  A naga simulacrum (IceCv)
  An ogre simulacrum (IceCv)
  14 river rats
  3 shadow imps
  12 white imps (IceCv)
  2 oozes
  5 adder skeletons
  5 worms
  2 dart slugs
  2 leopard geckos
  99 orcs
  2 ball pythons
  5 giant cockroaches
  5 hobgoblins
  2 jackals (D:6)
  7 quokkas
  A ball python zombie (D:5)
  7 bats
  5 frilled lizards
  9 gnoll skeletons (Ossuary)
  6 goblins
  4 kobolds
  5 kobold skeletons (Ossuary)
  A kobold zombie (D:6)
  11 orc skeletons (Ossuary)
  An orc zombie (D:6)
  A quokka zombie (D:6)
  5 rats
  2 fungi (D:8)
  A plant (Lair:6)
702 creatures vanquished.

Vanquished Creatures (collateral kills)
  2 merfolk avatars
  A merfolk aquamancer (Shoals:1)
  A death yak (Shoals:2)
  An orc high priest (Orc:2)
  A sea snake (Shoals:2)
  5 harpies (Shoals:1)
  A manticore (Lair:6)
  A faun (Shoals:1)
  A water nymph (Shoals:2)
  A black mamba (Lair:6)
  An elephant (Lair:6)
  A gargoyle (D:11)
  3 spiny frogs
  2 rime drakes (Lair:6)
  3 polar bears
  A minotaur zombie (Lab)
  A wind drake (Shoals:1)
  A snapping turtle (Shoals:2)
  A dream sheep (Lair:4)
  3 blink frogs (Lair:6)
  4 hippogriffs
  2 water elementals (Shoals:1)
  8 yaks
  A hungry ghost (D:9)
  3 water moccasins
  An orc warrior (Orc:2)
  3 wolves
  4 centaurs
  A crocodile (Lair:3)
  A bullfrog (Lair:5)
  An orc priest (Orc:2)
  An iguana (D:11)
  3 hell rats (Lair:4)
  3 river rats
  7 orcs
  2 rats (Lair:4)
  2 fungi (Lair:6)
  2 plants
81 creatures vanquished.

Vanquished Creatures (others)
  An orc knight (Orc:2)
  A faun (Shoals:1)
  A komodo dragon (Lair:6)
  A basilisk (Lair:6)
  3 slaves (D:7)
  2 orc warriors
  A centaur (Shoals:1)
  A shadow imp (D:7)
  2 orcs (D:7)
  25 fungi
  22 plants
60 creatures vanquished.

Grand Total: 843 creatures vanquished

Notes
Turn   | Place    | Note
-------+----------+-------------------------------------------
     0 | D:1      | nubinia the Gargoyle Fire Elementalist began the quest for the Orb.
     0 | D:1      | Reached XP level 1. HP: 10/10 MP: 3/3
   364 | D:1      | Reached XP level 2. HP: 15/15 MP: 3/5
   368 | D:1      | Learned a level 2 spell: Throw Flame
   998 | D:2      | Found a hazy altar of Hepliaklqana.
  1002 | D:2      | Noticed Natasha
  1015 | D:2      | Killed Natasha
  1015 | D:2      | Reached XP level 3. HP: 19/19 MP: 0/6
  1238 | D:2      | Reached XP level 4. HP: 24/24 MP: 4/7
  1281 | D:2      | Learned a level 3 spell: Conjure Flame
  1791 | D:2      | Noticed Natasha
  1796 | D:2      | Killed Natasha
  2385 | D:4      | Reached XP level 5. HP: 25/28 MP: 3/9
  2445 | D:4      | Learned a level 4 spell: Sticky Flame
  2861 | D:4      | Got a fine short sword
  2881 | D:4      | Reached skill level 1 in Maces & Flails
  2881 | D:4      | Reached XP level 6. HP: 28/32 MP: 2/10
  2882 | D:4      | Identified the +9 short sword of Hihiule {pierce, rElec MR+ MP+9 Str+2} (You found it on level 4 of the Dungeon)
  3251 | D:4      | Found Vixzomy's Armour Boutique.
  3292 | D:4      | Reached skill level 1 in Short Blades
  3371 | D:4      | Found a staircase to the Ecumenical Temple.
  3384 | D:4      | Reached XP level 7. HP: 20/37 MP: 12/12
  3415 | Temple   | Entered the Ecumenical Temple
  3696 | D:4      | Reached skill level 1 in Fighting
  3781 | D:5      | Entered Level 5 of the Dungeon
  4014 | D:5      | Reached skill level 1 in Armour
  4096 | D:5      | Found a blossoming altar of Fedhas.
  4098 | D:5      | You fall through a shaft for 2 floors!
  4122 | D:7      | Reached XP level 8. HP: 28/44 MP: 14/14
  4168 | D:7      | Reached skill level 5 in Fire Magic
  4278 | D:7      | Noticed Menkaure
  4282 | D:7      | Killed Menkaure
  4436 | D:7      | Noticed Pikel
  4479 | D:6      | Noticed Eustachio
  4484 | D:6      | Killed Eustachio
  4497 | D:6      | Found a sand-covered staircase.
  4556 | Ossuary  | Entered an ossuary
  4556 | Ossuary  | Noticed a wraith
  4556 | Ossuary  | Noticed a wraith
  4556 | Ossuary  | Noticed a wraith
  4753 | Ossuary  | Noticed a wraith
  4784 | Ossuary  | Killed a wraith
  4784 | Ossuary  | Reached skill level 5 in Spellcasting
  5142 | D:6      | Reached XP level 9. HP: 50/50 MP: 17/17
  5149 | D:6      | Noticed alfred1011's ghost (novice SpAs)
  5205 | D:6      | Reached skill level 5 in Conjurations
  5674 | D:5      | Found a stormy altar of Qazlal.
  5789 | D:5      | Found a bloodstained altar of Trog.
  5793 | D:5      | Found an ornate altar of the Wu Jian Council.
  5793 | D:5      | Found a white marble altar of Elyvilon.
  5816 | D:5      | Found a shattered altar of Ashenzari.
  5820 | D:5      | Found a glowing silver altar of Zin.
  5827 | D:5      | Became a worshipper of Ashenzari the Shackled
  6110 | D:6      | Reached skill level 5 in Stealth
  6320 | D:6      | Killed alfred1011's ghost
  6537 | D:7      | Killed Pikel
  6749 | D:7      | Reached XP level 10. HP: 46/56 MP: 13/20
  7023 | D:7      | Found Zelozaydi's Food Emporium.
  7252 | D:8      | Gained mutation: Your flesh is heat resistant. (rF+) [potion of mutation]
  7252 | D:8      | Gained mutation: You have sharp toenails. [potion of mutation]
  7252 | D:8      | Gained mutation: You are clumsy. (Dex -2) [potion of mutation]
  7252 | D:8      | Gained mutation: Your flesh is very heat resistant. (rF++) [potion of mutation]
  7663 | D:8      | Learned a level 1 spell: Animate Skeleton
  7699 | D:8      | Reached * piety under Ashenzari
  8118 | D:8      | Upgraded the game from 0.20-a0-1039-gf554463 to 0.20-a0-1040-gfd09691
  8259 | D:9      | Found a deep blue altar of Sif Muna.
  8260 | D:9      | Found an ancient bone altar of Kikubaaqudgha.
  8283 | D:9      | Found a radiant altar of Vehumet.
  8287 | D:9      | Identified Sif Muna's Almanac of Curses
  8444 | D:9      | Reached skill level 1 in Shields
  8576 | D:9      | Found a staircase to the Orcish Mines.
  8764 | D:9      | Reached ** piety under Ashenzari
  8899 | D:9      | Reached skill level 5 in Shields
  9104 | D:10     | Entered Level 10 of the Dungeon
  9112 | D:10     | Reached skill level 1 in Evocations
  9247 | D:10     | Noticed dxctxrx's ghost (journeyman MfSu)
  9314 | D:10     | Killed dxctxrx's ghost
  9314 | D:10     | Reached skill level 1 in Necromancy
  9314 | D:10     | Reached XP level 11. HP: 15/60 MP: 2/22
  9463 | D:10     | Noticed Psyche
  9477 | D:10     | Killed Psyche
  9795 | D:10     | Noticed a two-headed ogre
  9804 | D:10     | Killed a two-headed ogre
  9931 | D:11     | Noticed a red ugly thing
  9953 | D:11     | Noticed a manticore
  9958 | D:11     | Killed a manticore
  9972 | D:11     | Found a labyrinth entrance.
  9982 | D:11     | Learned a level 5 spell: Fireball
  9991 | D:11     | Learned a level 1 spell: Apportation
  9995 | Lab      | Entered a labyrinth
 10091 | Lab      | Noticed a minotaur
 10099 | Lab      | Killed a minotaur
 10125 | Lab      | Identified the ring of Arrival {rF+ Dex+2}
 10152 | Lab      | Got the uncursed ring mail "Acorr" {+Fly rPois Int+4 Dex+2}
 10163 | Lab      | Identified the +3 ring mail "Acorr" {+Fly rPois Int+4 Dex+2} (You found it in a labyrinth)
 10177 | D:11     | Found a staircase to the Lair.
 10445 | D:11     | Found Ejeg Via's Antique Armour Shoppe.
 10461 | D:11     | Bought an embroidered hat for 259 gold pieces
 10857 | D:11     | Killed a red ugly thing
 10925 | D:11     | Reached *** piety under Ashenzari
 11152 | D:11     | Noticed a green ugly thing
 11161 | D:11     | Killed a green ugly thing
 11254 | Lair:1   | Entered Level 1 of the Lair of Beasts
 11265 | Lair:1   | Found a frozen archway.
 11270 | Lair:1   | Reached skill level 5 in Armour
 11286 | IceCv    | Entered an ice cave
 11316 | IceCv    | Reached XP level 12. HP: 52/66 MP: 14/23
 11943 | IceCv    | Found an ancient bone altar of Kikubaaqudgha.
 12171 | Lair:1   | Noticed a six-headed hydra
 12183 | Lair:1   | Killed a six-headed hydra
 12323 | Lair:1   | Learned a level 3 spell: Vampiric Draining
 12793 | Lair:2   | Reached **** piety under Ashenzari
 12835 | Lair:2   | Noticed a seven-headed hydra
 12853 | Lair:1   | Reached skill level 5 in Short Blades
 13062 | Lair:2   | Noticed Nergalle
 13068 | Lair:2   | Killed Nergalle
 13429 | Lair:2   | Killed a seven-headed hydra
 13429 | Lair:2   | Reached skill level 10 in Fire Magic
 13654 | Lair:2   | Reached XP level 13. HP: 58/70 MP: 23/24
 14045 | Lair:3   | Learned a level 2 spell: Shroud of Golubria
 14125 | Lair:3   | Noticed Sonja
 14204 | Lair:3   | Noticed Gastronok
 14216 | Lair:3   | Killed Gastronok
 14224 | Lair:3   | Killed Sonja
 14224 | Lair:3   | Reached skill level 1 in Translocations
 14337 | Lair:3   | Found a hole to the Spider Nest.
 14431 | Lair:3   | Reached ***** piety under Ashenzari
 14646 | Lair:3   | Learned a level 3 spell: Regeneration
 14913 | Lair:4   | Reached skill level 1 in Charms
 15086 | Lair:4   | Identified the cursed +0 flail "nubinia's Curse" {freeze, rC+ Str+3}
 15098 | Lair:4   | Noticed Snorg
 15113 | Lair:4   | Killed Snorg
 15837 | Lair:4   | Found a staircase to the Shoals.
 15931 | Lair:4   | Reached skill level 10 in Conjurations
 16399 | Lair:5   | Gained mutation: Your large and strong wings let you fly indefinitely. [Gargoyle growth]
 16399 | Lair:5   | Reached XP level 14. HP: 60/75 MP: 23/25
 16731 | Lair:5   | Reached skill level 10 in Shields
 16908 | Lair:6   | Entered Level 6 of the Lair of Beasts
 17258 | Lair:6   | Reached skill level 10 in Stealth
 17493 | Lair:6   | Found a staircase to the Slime Pits.
 17648 | Lair:6   | Reached ****** piety under Ashenzari
 17771 | Lair:6   | Identified the +0 chain mail of the Devil's Team {rF- Dex+6}
 17793 | Lair:6   | Learned a level 3 spell: Dazzling Spray
 18229 | Orc:1    | Entered Level 1 of the Orcish Mines
 18318 | Orc:2    | Entered Level 2 of the Orcish Mines
 18895 | Orc:2    | Reached skill level 1 in Hexes
 19169 | Orc:2    | Found a staircase to the Elven Halls.
 20018 | Orc:2    | HP: 2/75 [orc knight/bolt (5)]
 20494 | Orc:2    | Reached XP level 15. HP: 62/79 MP: 8/26
 20613 | Orc:2    | Reached skill level 5 in Evocations
 20726 | Orc:2    | Found Okyirou's Gadget Emporium.
 20729 | Orc:2    | Found Hasmipui's Armour Emporium.
 20730 | Orc:2    | Found Vesiw's Gadget Emporium.
 20731 | Orc:2    | Found Foez's Weapon Shoppe.
 20742 | Orc:2    | Bought a lightning rod (4/4) for 400 gold pieces
 21213 | Shoals:1 | Entered Level 1 of the Shoals
 21239 | Shoals:1 | Noticed Louise
 21260 | Shoals:1 | Killed Louise
 21421 | Shoals:1 | Identified the +9 quarterstaff of Spite {pain, *Drain Str+6}
 22572 | D:11     | Learned a level 4 spell: Force Lance
 22828 | Shoals:2 | Noticed Kirke
 22881 | Shoals:2 | Noticed a sphinx
 23065 | Shoals:1 | Killed Kirke
 23752 | Shoals:2 | Noticed Polyphemus
 23759 | Shoals:2 | Hit by a large rock thrown by Polyphemus

Vault maps used:
D:1:      enne_arrival_octagon_isle
D:2:      old_standard_altar, uniq_natasha
D:4:      minmay_temple_entry_hall, serial_shops, shop, minmay_crossroads
D:5:      wad_woods_pond, grunt_temple_overflow_forces_of_nature,
          minmay_overflow_temple_star_hex, first_bread
D:6:      nicolae_ossuary_entry_giza, uniq_eustachio
D:7:      serial_shops, shop, uniq_pikel, uniq_menkaure
D:8:      old_forge
D:9:      grunt_temple_overflow_magic_moments, erik_orc_1
D:10:     uniq_psyche
D:11:     lair_entry_dummy, lab_entry_generic, serial_shops,
          nicolae_shop_waterfront, hangedman_fish_farm
Temple:   chequers_temple_sunken
Lair:1:   portal_ice_cave_rime, nicolae_volcano_entry_batcave
Lair:2:   uniq_nergalle
Lair:3:   nicolae_spider_entry_tight_spaces, columned_hall_lemuel,
          kennysheep_rathole, uniq_gastronok, uniq_sonja
Lair:4:   minmay_shoals_entry_lonely_mermaid, kennysheep_abandoned_house,
          uniq_snorg
Lair:5:   beast_lair_carwin_4
Lair:6:   gammafunk_lair_ancient_temple, nicolae_slime_entry_slimehenge,
          minmay_lair_oklob_chamber
Shoals:1: uniq_louise
Shoals:2: uniq_kirke, uniq_polyphemus
Orc:2:    st_orc_pillars
Lab:      labyrinth_hidden_loot, nicolae_lab_plus, labyrinth_fake_exit,
          lab_statue, labyrinth_skeletal_remains, nicolae_lab_quarters,
          nicolae_lab_x, lab_hedge, nicolae_lab_stuck
Ossuary:  ossuary_due_mausoleum
IceCv:    ice_cave_small_necro

Skill      XL: |  1  2  3  4  5  6  7  8  9 10 11 12 13 14 15 |
---------------+----------------------------------------------+-----
Stealth        | 3 4 6 7 8 9 10 | 10.6
Fire Magic     | 4 5 7 9 10 11 12 | 12.3
Spellcasting   | 3 4 5 6 7 |  7.5
Conjurations   | 2 3 4 6 8 9 10 12 | 12.2
Dodging        | 2 |  2.3
Maces & Flails | 1 |  1.4
Short Blades   | 1 3 5 8 |  8.0
Fighting       | 2 3 |  3.7
Armour         | 1 3 4 5 7 8 9 |  9.4
Shields        | 5 6 7 9 11 12 | 12.9
Evocations     | 2 3 4 5 |  5.6
Necromancy     | 1 2 |  2.1
Translocations | 1 |  1.3
Charms         | 1 2 |  2.6
Hexes          | 2 3 |  3.0

Action                   |  1- 3 |  4- 6 |  7- 9 | 10-12 | 13-15 || total
-------------------------+-------+-------+-------+-------+-------++-------
Melee: Club              |    14 |    15 |       |       |       ||    29
       Short sword       |       |    42 |   157 |   487 |  1232 ||  1918
       Kick              |       |       |       |    77 |   275 ||   352
 Cast: Flame Tongue      |    26 |    59 |    73 |   100 |    83 ||   341
       Throw Flame       |       |    15 |    68 |   106 |   111 ||   300
       Sticky Flame      |       |       |     3 |    16 |    24 ||    43
       Conjure Flame     |       |       |     5 |    15 |     1 ||    21
       Animate Skeleton  |       |       |       |    39 |   182 ||   221
       Fireball          |       |       |       |    22 |    44 ||    66
       Vampiric Draining |       |       |       |       |    79 ||    79
       Regeneration      |       |       |       |       |    27 ||    27
       Shroud of Golubri |       |       |       |       |     4 ||     4
       Force Lance       |       |       |       |       |     1 ||     1
Invok: Curse Item        |       |       |     3 |     3 |       ||     6
       Scrying           |       |       |       |     1 |       ||     1
 Abil: Fly               |       |       |       |       |     1 ||     1
Evoke: Wand              |       |       |       |    37 |    46 ||    83
       Fan of gales      |       |       |       |     1 |       ||     1
       Lightning rod     |       |       |       |       |     6 ||     6
       Box of beasts     |       |       |       |       |     1 ||     1
  Use: Scroll            |     3 |     5 |    11 |    15 |     5 ||    39
       Potion            |     1 |     2 |     1 |     3 |     1 ||     8
 Stab: Sleeping          |     1 |     3 |     8 |    11 |    12 ||    35
       Distracted        |       |       |     1 |     1 |    10 ||    12
       Paralysed         |       |       |       |       |     1 ||     1
       Petrified         |       |       |       |       |     1 ||     1
  Eat: Chunk             |     1 |     8 |     8 |    27 |    50 ||    94
       Royal jelly       |       |       |     1 |     3 |     2 ||     6
       Fruit             |       |       |     1 |       |       ||     1
Armor: Robe              |     5 |    16 |       |    48 |       ||    69
       Leather armour    |       |     6 |    65 |   130 |   332 ||   533
       Ring mail         |       |       |       |    10 |       ||    10
Dodge: Dodged            |    16 |    35 |    79 |   218 |   436 ||   784
Block: Other             |       |       |     7 |    19 |       ||    26
       Reflection        |       |       |     1 |     4 |    37 ||    42
       Buckler           |       |       |       |   146 |   523 ||   669
